Map: Frozen Temple

Players

capac - Winner!

  • Race: Terran Terran
  • League: Gold

A.I. 1 (Elite)

  • Race: Protoss Protoss

VOD

Have the link to the VOD?

Description

Time

  • Played on: April 1, 2016, 11:56 a.m.
  • Length: 12:41
Show
View Real Time Build Order
Export as new Build Order

capac Terran - Winner!

Build Orders: Reaper Expand, MMM Bio 

Get SALT Encoding   

  12  0:01  SCV  
  13  0:13  SCV  
  14  0:19  Supply Depot  
  14  0:25  SCV  
  15  0:40  SCV  
  16  0:44  Barracks  
  16  0:50  Refinery  
  16  0:52  SCV  
  17  1:04  SCV  
  18  1:26  SCV  
  19  1:35  Reaper  
  19  1:36  Command Center  
  20  1:40  Orbital Command  
  20  1:49  Supply Depot  
  20  2:12  Factory  
  20  2:14  Refinery  
  20  2:18  Marine  
  21  2:28  Barracks  
  21  2:40  Barracks Reactor  
  21  2:42  SCV  
  22  2:48  Orbital Command  
  22  2:56  Factory Tech Lab  
  22  3:02  Starport  
  22  3:03  SCV  
  23  3:15  SCV  
  23  3:18  Marine x2  
  26  3:27  SCV  
  26  3:28  SCV  
  26  3:30  Barracks Tech Lab  
  28  3:34  Barracks  
  28  3:38  Marine x2  
  30  3:41  Starport Reactor  
  30  3:47  SCV x2  
  32  3:50  Marine  
  33  3:57  Siege Tank  
  33  4:01  SCV x2  
  38  4:12  Stimpack  
  38  4:16  SCV x2  
  40  4:21  Medivac  
  40  4:23  Refinery  
  42  4:24  Marine  
  44  4:31  Engineering Bay, SCV x2  
  44  4:36  Supply Depot  
  45  4:45  SCV  
  46  4:46  Supply Depot  
  46  4:48  Barracks Reactor  
  46  4:58  SCV  
  47  5:02  Medivac x2  
  47  5:03  Marine  
  47  5:04  Marine x2  
  54  5:08  Supply Depot, SCV  
  54  5:10  Refinery, SCV  
  54  5:12  Terran Infantry Weapons Level 1  
  56  5:17  Supply Depot  
  56  5:20  SCV  
  57  5:22  SCV  
  57  5:27  Marine x4  
  62  5:29  Marine  
  62  5:32  Supply Depot  
  63  5:45  Supply Depot, SCV x2  
  63  5:49  Marine x4  
  69  5:57  Supply Depot, SCV x2  
  69  6:03  Siege Tank  
  74  6:06  Command Center  
  74  6:09  SCV x2  
  76  6:16  Armory  
  76  6:18  Combat Shields  
  76  6:21  SCV x2  
  78  6:40  Siege Tank  
  67  7:00  Medivac x2  
  67  7:01  Marine x5  
  73  7:02  SCV x2  
  73  7:08  Terran Infantry Weapons Level 2  
  78  7:09  Supply Depot  
  78  7:12  Engineering Bay  
  78  7:13  Supply Depot  
  78  7:17  Siege Tank  
  78  7:18  Marine  
  78  7:19  Marine x3  
  84  7:30  Medivac x2  
  84  7:31  Marine  
  84  7:36  Marine x3  
  91  7:37  Marine  
  91  7:44  Orbital Command  
  93  7:49  Marine  
  94  7:54  Marine x3  
  94  7:55  Marine  
  94  7:56  Terran Infantry Armor Level 1  
  94  7:57  Starport  
  98  8:01  Supply Depot  
  98  8:02  Supply Depot  
  98  8:07  Marine  
  99  8:29  Marine x3, Liberator x2  
  99  8:30  Marine x2  
  99  8:33  Supply Depot  
  104  8:37  SCV  
  104  8:38  SCV x2  
  107  8:46  Starport Reactor  
  107  8:47  Barracks, Marine  
  107  8:48  Barracks x2  
  114  8:49  Marine x2  
  114  8:50  Marine x2, SCV  
  106  9:30  Marine  
  100  9:41  Marine  
  100  9:42  Marine  
  100  9:43  Marine x5  
  100  9:45  Siege Tank  
  107  9:48  Marine  
  106  9:59  Supply Depot, Marine x2  
  101  10:01  Marine x4  
  101  10:05  Viking  
  101  10:06  Viking x3  
  113  10:07  Marine x2  
  112  10:17  Marine x2  
  106  10:52  Command Center  
  104  11:06  Liberator  
  104  11:07  Liberator x2  
  104  11:17  Marine x3  
  104  11:18  Marine  
  108  11:20  Barracks Reactor x3  
  117  11:33  SCV  
  118  12:03  Marine x10  
  118  12:04  SCV x2  
Show
View Real Time Build Order
Export as new Build Order

A.I. 1 (Elite) Protoss 

Build Orders: 1 Gate Expand 

Get SALT Encoding   

  12  0:01  Probe (Chrono Boost)  
  13  0:11  Probe (Chrono Boost)  
  14  0:21  Pylon  
  14  0:22  Probe (Chrono Boost)  
  15  0:39  Probe (Chrono Boost)  
  17  0:50  Probe (Chrono Boost)  
  17  0:51  Gateway  
  17  1:00  Probe (Chrono Boost)  
  18  1:11  Probe (Chrono Boost), Assimilator  
  19  1:15  Pylon  
  19  1:21  Probe (Chrono Boost)  
  20  1:32  Probe (Chrono Boost)  
  21  1:38  Nexus  
  21  1:47  Cybernetics Core  
  21  1:49  Zealot  
  23  2:05  Gateway  
  23  2:06  Probe (Chrono Boost)  
  24  2:14  Pylon  
  24  2:17  Probe (Chrono Boost)  
  24  2:21  Zealot  
  25  2:26  Warp Gate  
  25  2:29  Probe (Chrono Boost)  
  27  2:41  Probe (Chrono Boost)  
  27  2:42  Assimilator  
  28  2:48  Adept  
  31  2:51  Probe (Chrono Boost)  
  31  2:52  Probe (Chrono Boost)  
  31  2:57  Adept  
  32  3:04  Probe (Chrono Boost)  
  35  3:11  Pylon  
  36  3:13  Probe (Chrono Boost)  
  36  3:17  Stalker  
  38  3:24  Probe (Chrono Boost)  
  38  3:26  Probe (Chrono Boost)  
  40  3:35  Probe (Chrono Boost)  
  40  3:37  Probe (Chrono Boost)  
  42  3:41  Robotics Facility  
  42  3:43  Adept  
  45  3:49  Probe (Chrono Boost)  
  45  3:50  Probe (Chrono Boost)  
  45  3:54  Adept  
  48  4:00  Probe (Chrono Boost)  
  48  4:01  Probe (Chrono Boost)  
  50  4:08  Adept  
  50  4:12  Probe (Chrono Boost), Pylon  
  50  4:13  Probe (Chrono Boost)  
  54  4:23  Probe (Chrono Boost)  
  54  4:24  Probe (Chrono Boost)  
  56  4:29  Immortal, Stalker  
  58  4:35  Probe (Chrono Boost)  
  58  4:36  Pylon  
  58  4:37  Probe (Chrono Boost)  
  64  4:43  Stalker  
  67  4:46  Probe (Chrono Boost)  
  67  4:48  Probe (Chrono Boost)  
  67  4:52  Robotics Facility  
  68  4:54  Stalker  
  70  5:05  Probe (Chrono Boost), Immortal  
  72  5:07  Probe (Chrono Boost)  
  72  5:10  Pylon  
  72  5:14  Pylon  
  76  5:20  Stalker  
  78  5:26  Assimilator  
  78  5:28  Sentry  
  78  5:30  Probe x2 (Chrono Boost)  
  78  5:33  Gateway  
  82  5:41  Probe (Chrono Boost), Stalker, Assimilator  
  84  5:46  Pylon  
  84  5:49  Probe (Chrono Boost)  
  85  5:52  Probe (Chrono Boost)  
  86  5:58  Zealot, Forge  
  86  6:03  Probe (Chrono Boost)  
  89  6:05  Forge  
  89  6:07  Nexus  
  89  6:25  Protoss Ground Armor Level 1  
  89  6:30  Protoss Ground Weapons Level 1, Robotics Bay  
  75  6:41  Probe (Chrono Boost)  
  75  6:46  Probe (Chrono Boost)  
  68  6:52  Zealot  
  68  6:55  Sentry  
  68  6:56  Probe (Chrono Boost)  
  68  6:58  Probe (Chrono Boost)  
  72  7:05  Stalker  
  72  7:08  Probe (Chrono Boost)  
  76  7:09  Probe (Chrono Boost), Observer  
  76  7:14  Zealot  
  79  7:17  Colossus  
  79  7:19  Probe (Chrono Boost), Pylon  
  79  7:21  Probe (Chrono Boost)  
  87  7:24  Probe (Chrono Boost)  
  89  7:31  Probe (Chrono Boost)  
  89  7:32  Probe (Chrono Boost)  
  89  7:36  Probe (Chrono Boost), Colossus  
  91  7:41  Sentry  
  91  7:42  Probe (Chrono Boost)  
  101  7:44  Probe (Chrono Boost)  
  101  7:47  Probe (Chrono Boost)  
  102  7:51  Pylon  
  102  7:54  Probe (Chrono Boost)  
  102  7:55  Probe (Chrono Boost), Pylon  
  105  7:58  Probe (Chrono Boost)  
  106  8:05  Probe (Chrono Boost)  
  106  8:07  Probe (Chrono Boost)  
  106  8:09  Probe (Chrono Boost)  
  108  8:16  Probe (Chrono Boost), Photon Cannon  
  108  8:17  Photon Cannon  
  108  8:18  Probe (Chrono Boost)  
  108  8:19  Photon Cannon  
  110  8:20  Probe (Chrono Boost)  
  111  8:27  Probe (Chrono Boost)  
  111  8:31  Nexus  
  111  8:32  Probe (Chrono Boost)  
  111  8:33  Extended Thermal Lance  
  111  8:34  Probe (Chrono Boost)  
  114  8:37  Protoss Shields Level 1  
  114  8:38  Probe (Chrono Boost)  
  115  8:43  Probe (Chrono Boost)  
  115  8:45  Probe (Chrono Boost)  
  117  8:49  Probe (Chrono Boost)  
  117  8:52  Pylon  
  117  8:54  Probe (Chrono Boost)  
  117  8:55  Pylon  
  119  8:57  Pylon  
  119  9:03  Gateway  
  118  9:10  Photon Cannon  
  118  9:12  Probe (Chrono Boost)  
  118  9:13  Probe (Chrono Boost)  
  118  9:14  Zealot  
  111  9:19  Probe (Chrono Boost)  
  111  9:23  Probe (Chrono Boost), Adept  
  97  9:25  Probe (Chrono Boost)  
  97  9:27  Stalker  
  84  9:33  Zealot  
  87  9:39  Probe (Chrono Boost)  
  87  9:40  Probe (Chrono Boost)  
  87  9:42  Stalker  
  87  9:45  Probe (Chrono Boost)  
  88  9:49  Stalker  
  88  9:52  Adept  
  49  10:23  Nexus  
  49  10:25  Adept  
  13  11:17  Probe (Chrono Boost)  
  12  11:21  Nexus  
  12  11:24  Probe (Chrono Boost)  
  13  11:30  Probe (Chrono Boost)  
  14  11:36  Probe (Chrono Boost)  
  15  11:40  Probe (Chrono Boost)  
  15  11:46  Zealot  
  9  12:22  Probe (Chrono Boost)  
Tags
 
Add a new tag
Caveats
  • Supply blocks, unpowered buildings, or Contaminate may cause inaccurate times.
  • Supply counts are checked every 10 seconds.